 Dungeon Crawl Stone Soup version 0.26-a0-154-g3d63440f56 (webtiles) character file.

Game seed: 7655900393408784813

114 Flugslaktarn the Stinger (level 4, -2/21 HPs)
             Began as a Vine Stalker Venom Mage on July 1, 2020.
             Slain by a hobgoblin
             ... wielding a +0 club
             ... led by Robin
              (5 damage)
             ... on level 3 of the Dungeon.
             The game lasted 00:05:15 (990 turns).

Flugslaktarn the Stinger (Vine Stalker Venom Mage)   Turns: 990, Time: 00:05:15

Health: -2/21      AC:  2    Str: 11    XL:     4   Next: 97%
Magic:  0/9        EV: 12    Int: 16    God:
Gold:   113        SH:  0    Dex: 14    Spells: 0/9 levels left

rFire    + . .     SeeInvis .   b - +0 whip (freeze)
rCold    . . .     Faith    .   (no shield)
rNeg     . . .     Spirit   +   a - +0 robe
rPois    .         Reflect  .   (no helmet)
rElec    .         Harm     .   (no cloak)
rCorr    .                      (no gloves)
MR       .....                  (no boots)
Stlth    ++........             l - amulet of the acrobat
HPRegen  0.47/turn              i - ring of fire
MPRegen  0.11/turn              d - ring of protection from cold

@: lethally poisoned (-2 -> -2)
A: fangs 2, regeneration 1, magic shield, antimagic bite, no potion heal 3, rot
immunity
a: no special abilities


You were on level 3 of the Dungeon.
You were hungry.

You visited 1 branch of the dungeon, and saw 4 of its levels.

You collected 113 gold pieces.

Inventory:

Hand Weapons
 b - a +0 whip of freezing (weapon)
   (You found it on level 1 of the Dungeon)
 j - a +2 dagger of holy wrath
   (You took it off a goblin on level 2 of the Dungeon)
 p - a +0 trident
   (You found it on level 2 of the Dungeon)
 q - a +0 rapier
   (You found it on level 3 of the Dungeon)
Missiles
 k - 88 arrows
Armour
 a - a +0 robe (worn)
Jewellery
 d - a ring of protection from cold (right hand)
   (You found it on level 2 of the Dungeon)
 i - a ring of fire (left hand)
   (You found it on level 1 of the Dungeon)
 l - an amulet of the acrobat (around neck)
   (You found it on level 3 of the Dungeon)
 s - an uncursed ring of protection from cold
   (You found it on level 2 of the Dungeon)
Scrolls
 e - 2 scrolls of remove curse
 g - 2 scrolls of amnesia {unknown}
 h - a scroll of magic mapping {unknown}
 t - a scroll of enchant armour {unknown}
 v - a scroll of identify
Potions
 f - a potion of ambrosia
 m - a potion of invisibility
 n - 2 potions of might
 o - a potion of haste {unknown}
 r - a potion of lignification {unknown}
 u - a potion of curing {unknown}
Comestibles
 c - 5 rations


   Skills:
 - Level 1.5 Dodging
 - Level 2.4 Stealth
 - Level 3.0 Spellcasting
 - Level 1.0 Transmutations
 * Level 5.0 Poison Magic


You couldn't memorise any spells.
You knew the following spells:

 Your Spells              Type           Power        Failure   Level  Hunger
a - Sting                 Tmut/Pois      ##..         5%          1    #......
b - Poisonous Vapours     Pois/Air       ##....       10%         2    ##.....
c - Mephitic Cloud        Conj/Pois/Air  #.......     28%         3    ###....
d - Ignite Poison         Fire/Tmut/Pois ##......     24%         3    ###....

Your spell library contained the following spells:

 Spells                   Type           Power        Failure   Level  Hunger
 Olgreb's Toxic Radiance  Pois           ###.....     22%         4    #####..


Dungeon Overview and Level Annotations

Branches:
Dungeon (4/15)
 Temple: D:4-7

Altars:
Ashenzari

Annotations:
D:3 1 runed translucent door, Grinder; UristMcRaven's ghost, amateur DEEE
D:4 Blork the orc; Robin


Innate Abilities, Weirdness & Mutations

You have extremely sharp teeth.
Your natural rate of healing is unusually fast.
When hurt, damage is shared between your health and your magic reserves.
Your bite disrupts and absorbs the magic of your enemies.
Potions cannot restore your health.
You are immune to rotting.


Message History

You hear a shout!
You climb upwards.
Level annotation: 1 runed translucent door, Grinder; UristMcRaven's ghost, amateur DEEE You feel sick.
There is a stone staircase leading down here.
You see here a poisoned dart.
Unknown command.
Unknown command.
Unknown command.
Unknown command.
Unknown command.
You feel sick. The orc hits you.
* * * LOW HITPOINT WARNING * * *
The hobgoblin completely misses you. The scorpion misses you.
There is a large open door, spattered with blood here.
Items here: ))) †† a +0 club x2; a +0 flail; a goblin corpse; a giant cockroach corpse
There is a large open door here.
You hit the orc. You freeze the orc.
You kill the orc!
You feel sick.
You barely miss the hobgoblin.
You feel sick. The hobgoblin hits you with a +0 club.
* * * LOW HITPOINT WARNING * * *
Casting: Sting (safe; 6% risk of failure)
Confirm with . or Enter, or press ? or * to list all spells.
Aiming: Poisonous Vapours (safe; 12% risk of failure)
Press: ? - help, Dir - move target cursor, f - scorpion
Aim: a scorpion Poisonous vapours surround the scorpion!
The scorpion is engulfed in poison gas.
The scorpion is poisoned.
The hobgoblin hits you with a +0 club.
* * * LOW HITPOINT WARNING * * *
You feel sick.
You feel sick.
You see here a +0 club.
You feel sick.
You kill the scorpion!
Your Poison Magic skill increases to level 5!
You completely miss the hobgoblin. The hobgoblin hits you with a +0 club.
* * * LOW HITPOINT WARNING * * *
You barely miss the hobgoblin. Your bite misses the hobgoblin.
You feel sick.
The hobgoblin hits you but does no damage.
You hit the hobgoblin but do no damage.
You bite the hobgoblin, but do no damage.
The hobgoblin closely misses you.
Unknown command.
You hit the hobgoblin but do no damage.
You feel sick. The hobgoblin hits you with a +0 club.
You die...

....##.# # #......##.##....#
....##.#.# #.....##...##...
....##.#.# #....##.....##.#######
....#....# #(...#⌠.!♣%.⌠#........
....#..#####....##.....##..######
>......).##(.....##W..##...#
........(##(......##⌠##....#
.........##........###.....#
##......>)'..).g@......#...#
##......(##)..############.#
##.......''...'....... ..#
##.......##...##############
###...#...'...# #....# #
#...#.#.#...# #....# ######
###[..#.#.#.### #....# #.....
......#...#.#########....# #.....
#.#...#.###..............# #.....


You could see UristMcRaven's ghost and a hobgoblin.

Vanquished Creatures
  A scorpion (D:3)
  An adder (D:3)
  An ooze (D:2)
  A worm (D:2)
  A dart slug (D:2)
  A leopard gecko (D:2)
  3 orcs (D:3)
  4 giant cockroaches
  5 goblins
  9 hobgoblins
  2 jackals (D:3)
  3 kobolds
  4 bats
  A frilled lizard (D:1)
  4 rats
41 creatures vanquished.

Notes
Turn   | Place    | Note
-------+----------+-------------------------------------------
     0 | D:1      | Flugslaktarn the Vine Stalker Venom Mage began the quest
                  | for the Orb.
     0 | D:1      | Reached XP level 1. HP: 9/9 MP: 4/4
   122 | D:1      | Reached XP level 2. HP: 11/13 MP: 3/6
   182 | D:2      | Found a shattered altar of Ashenzari.
   251 | D:3      | Learned a level 2 spell: Poisonous Vapours
   304 | D:3      | Found a runed translucent door.
   304 | D:3      | Noticed UristMcRaven's ghost (amateur DEEE)
   339 | D:3      | Reached XP level 3. HP: 12/16 MP: 4/8
   399 | D:4      | Noticed Blork the orc
   576 | D:3      | Reached skill level 4 in Poison Magic
   584 | D:4      | Noticed a scorpion
   837 | D:2      | Gained mutation: Your natural rate of healing is unusually
                  | fast. [Vine Stalker growth]
   837 | D:2      | Reached XP level 4. HP: 12/21 MP: 0/9
   874 | D:1      | Learned a level 3 spell: Mephitic Cloud
   878 | D:1      | Learned a level 3 spell: Ignite Poison
   911 | D:3      | Noticed Grinder
   973 | D:4      | Noticed Robin
   986 | D:3      | Reached skill level 5 in Poison Magic
   990 | D:3      | Slain by a hobgoblin

Illustrated notes

Levels and vault maps discovered:
D:1:      wander_arrival_chamber, layout_loops_ring
D:2:      layout_loops_ring, ashenzari_altar_1, minivault_19
D:3:      layout_basic, hellmonk_ghost_happy_afterlife, first_ration,
          uniq_grinder
D:4:      layout_cave_pools, kennysheep_doodads, uniq_robin, uniq_eustachio,
          uniq_blork_the_orc

Skill      XL: |  1  2  3  4 |
---------------+-------------+-----
Poison Magic   | 4 5 |  5.0
Spellcasting   | 3 |  3.0
Dodging        | |  1.5
Stealth        | |  2.4
Transmutations | |  1.0

Action                   |  1- 3 |  4- 6 || total
-------------------------+-------+-------++-------
Melee: Whip              |    33 |    16 ||    49
       Bite              |     7 |     3 ||    10
 Cast: Sting             |    31 |     1 ||    32
       Poisonous Vapours |     4 |     1 ||     5
  Use: Scroll            |     4 |       ||     4
 Stab: Sleeping          |     4 |       ||     4
Armor: Robe              |     6 |     3 ||     9
Dodge: Dodged            |    40 |    18 ||    58

Table legend:
 A = Non-vault XP
 B = Vault XP
 C = Vault XP percentage of total XP
 D = Non-vault monster count
 E = Vault monster count
 F = Vault count percentage of total count
                 A         B        C        D         E       F
            +---------+---------+-------+---------+---------+-------
      Total |     157 |       6 |   3.7 |      38 |       3 |   7.3
            +---------+---------+-------+---------+---------+-------
        D:1 |      14 |       0 |   0.0 |       9 |       0 |   0.0
        D:2 |      33 |       0 |   0.0 |      11 |       0 |   0.0
        D:3 |     110 |       6 |   5.2 |      18 |       3 |  14.3
            +---------+---------+-------+---------+---------+-------
